Map: Blueshift LE

Players

Odin - Winner!

  • Race: Terran Terran
  • Spawn Location: 7:00

A.I. 1 (Harder)

  • Race: Terran Terran
  • Spawn Location: 1:00

VOD

Have the link to the VOD?

Description

Time

  • Played on: Dec. 14, 2018, 11:26 p.m.
  • Length: 37:53
Show
View Real Time Build Order
Export as new Build Order

Odin Terran - Winner!

Build Orders: 1/1/1, Mech 

Get SALT Encoding   

  12  0:07  SCV  
  13  0:18  Supply Depot  
  13  0:19  SCV  
  14  0:31  SCV  
  14  0:32  Refinery  
  15  0:43  Barracks  
  15  0:46  SCV  
  16  0:59  SCV  
  16  1:03  Refinery  
  17  1:11  SCV  
  18  1:23  SCV  
  19  1:31  Supply Depot  
  19  1:35  Factory, SCV  
  20  1:42  Reaper  
  21  1:47  SCV  
  22  2:04  Supply Depot, Orbital Command  
  22  2:14  Barracks Reactor  
  22  2:21  Starport  
  22  2:31  SCV  
  23  2:59  SCV  
  24  3:18  Factory Reactor, Starport Reactor  
  24  3:20  Factory  
  24  3:24  SCV  
  24  3:25  Factory  
  25  3:27  Armory  
  25  3:36  SCV  
  26  3:52  Command Center  
  26  3:54  SCV  
  27  4:06  SCV  
  28  4:18  Factory Tech Lab  
  28  4:20  Factory Tech Lab, Medivac x2  
  32  4:28  Starport  
  32  4:34  Marine  
  32  4:35  Marine  
  34  4:47  Mag-Field Accelerator  
  34  5:03  Orbital Command  
  34  5:08  Refinery  
  34  5:09  Refinery, Hellion x2  
  38  5:37  Barracks Tech Lab  
  38  5:52  Siege Tank  
  38  5:53  Siege Tank  
  44  6:01  SCV  
  44  6:02  SCV  
  46  6:09  Hellion x2  
  50  6:15  SCV x2  
  52  6:25  Supply Depot  
  52  6:26  Supply Depot  
  52  6:27  SCV  
  52  6:29  Liberator x2  
  59  6:49  Siege Tank  
  59  6:50  Siege Tank  
  65  7:00  SCV x2  
  67  7:12  Command Center, SCV x2, Engineering Bay  
  67  7:15  Armory  
  69  7:24  SCV  
  69  7:25  Viking  
  69  7:26  Viking  
  74  7:32  Supply Depot  
  74  7:34  Supply Depot  
  74  7:57  SCV x2, Supply Depot x2  
  76  7:59  Sensor Tower  
  76  8:05  Medivac x2  
  80  8:09  SCV x2  
  82  8:17  Widow Mine x2  
  89  8:21  SCV, Cyclone  
  89  8:22  SCV, Cyclone  
  94  8:29  Planetary Fortress  
  94  8:33  SCV  
  94  8:34  SCV  
  96  8:37  Refinery  
  96  8:46  SCV x2  
  98  8:58  SCV x2  
  99  9:10  SCV x2  
  100  9:22  SCV x2  
  74  9:34  SCV x2  
  73  9:41  Marauder  
  73  9:44  Siege Tank x2  
  79  9:46  SCV x2  
  81  9:54  Liberator x3, Command Center  
  81  9:58  Liberator  
  81  10:02  Marauder  
  81  10:05  Refinery  
  83  10:09  Refinery  
  92  10:16  Siege Tank x2  
  103  10:21  Hellion x2  
  107  10:43  Hellion x2  
  107  10:46  Factory  
  109  10:58  Cyclone x2  
  109  11:01  Supply Depot  
  109  11:02  Supply Depot x3  
  115  11:08  Hi-Sec Auto Tracking  
  115  11:15  Planetary Fortress  
  115  11:30  Cyclone  
  118  11:42  Command Center  
  118  11:49  Siege Tank x2  
  124  12:00  Medivac x2  
  124  12:01  Medivac x2  
  130  12:04  Drilling Claws  
  132  12:11  Infernal Pre-Igniter  
  117  13:22  Thor x3  
  135  13:28  Neosteel Armor  
  135  13:29  Terran Vehicle Weapons Level 1  
  135  13:30  Terran Vehicle And Ship Armor Level 1  
  135  13:34  Armory  
  135  13:35  Planetary Fortress  
  135  13:50  Hellion  
  135  13:51  Hellion  
  139  14:05  Hellion x2  
  139  14:06  Hellion  
  145  14:12  Hellion x2  
  149  14:26  Hellion  
  149  14:27  Hellion x2  
  155  14:33  Hellion x2  
  155  14:38  Viking x3, Hellion x4  
  159  14:39  Viking  
  167  14:48  Hellion x3  
  173  14:54  Liberator x2  
  173  14:55  Liberator x2, Hellion x2  
  156  17:13  SCV x3  
  156  17:14  SCV  
  160  17:17  Liberator x2  
  160  17:18  Liberator  
  160  17:19  Liberator, Siege Tank x3  
  169  17:24  Hellion  
  169  17:25  Hellion  
  169  17:29  Factory  
  185  17:46  Hellion x2  
  185  17:47  Hellion x2  
  185  17:49  Refinery  
  185  17:50  Refinery  
  185  17:51  Siege Tank x3  
  198  17:57  Factory  
  198  17:58  Factory  
  198  18:17  Smart Servos  
  198  18:19  Hellion x14  
  198  18:44  Factory Tech Lab  
  198  18:45  Factory Reactor  
  198  18:46  Factory Reactor x2  
  198  18:52  Terran Vehicle Weapons Level 2  
  198  18:53  Terran Vehicle And Ship Armor Level 2  
  198  18:54  Terran Ship Weapons Level 1  
  186  19:56  Hellion x12  
  170  20:24  Siege Tank x3  
  170  20:26  Hellion x8  
  195  20:36  Hellion x12  
  195  20:47  Hellion  
  195  20:48  Hellion  
  199  21:30  Refinery  
  199  21:31  Command Center  
  199  21:32  Sensor Tower  
  199  21:33  Refinery  
  199  22:19  Sensor Tower  
  199  22:20  Sensor Tower  
  199  22:26  Sensor Tower  
  199  22:46  Orbital Command  
  199  22:56  Hellion x16  
  191  23:13  Liberator  
  191  23:25  Thor  
  197  23:32  Hellion x16  
  149  24:13  Orbital Command  
  143  24:26  Command Center  
  143  24:30  Command Center  
  143  24:36  Command Center  
  143  24:42  Command Center  
  143  24:44  Command Center  
  143  24:47  Command Center  
  143  24:51  Command Center  
  159  24:57  Thor x3  
  161  25:06  Hellion  
  177  25:07  Hellion x7  
  177  25:16  Medivac  
  179  25:28  Hellion x8  
  195  25:36  Thor x6  
  195  25:40  Thor x6, Hellion x2  
  199  25:49  Planetary Fortress x2  
  199  26:04  Orbital Command x5  
  199  26:33  SCV  
  187  27:47  Terran Ship Weapons Level 2, Terran Vehicle Weapons Level 3, Terran Vehicle And Ship Armor Level 3  
  187  27:51  Hellion x2  
  187  28:00  Hellion x18  
  170  29:37  Thor x2  
  175  30:45  Terran Ship Weapons Level 3  
  175  30:50  Hellion x11  
  175  31:03  Cyclone x3  
  184  31:35  Cyclone x3  
  193  31:42  Command Center  
  193  31:43  Command Center  
  193  31:44  Command Center  
  193  31:45  Refinery, Command Center  
  193  31:46  Command Center  
  193  31:47  Command Center  
  193  31:48  Command Center  
  193  31:49  Refinery, Command Center  
  193  31:56  Command Center  
  193  31:58  Command Center  
  193  32:08  Command Center  
  193  32:09  Command Center  
  193  32:10  Command Center  
  193  32:11  Command Center x3  
  193  32:12  Command Center  
  193  32:16  Command Center  
  193  32:36  Sensor Tower  
  193  32:45  Sensor Tower  
  193  32:50  Sensor Tower  
  193  32:55  Sensor Tower  
  193  33:04  Sensor Tower  
  193  33:06  Sensor Tower  
  193  33:07  Sensor Tower  
  193  33:09  Sensor Tower  
  193  33:18  Sensor Tower x2  
  193  33:21  Sensor Tower  
  193  33:44  Sensor Tower  
  193  34:00  Sensor Tower  
  193  34:01  Sensor Tower  
  193  34:10  Sensor Tower  
  193  34:14  Orbital Command  
  193  34:15  Orbital Command x15  
  193  34:17  Hellion x11  
  193  35:24  SCV  
  194  35:42  Orbital Command x2  
Show
View Real Time Build Order
Export as new Build Order

A.I. 1 (Harder) Terran 

Build Orders:  

Get SALT Encoding   

  12  0:00  SCV  
  13  0:13  SCV  
  14  0:18  Supply Depot  
  14  0:25  SCV  
  15  0:39  SCV  
  15  0:41  Barracks  
  16  0:52  SCV  
  17  1:04  SCV  
  18  1:17  Command Center  
  18  1:28  Orbital Command  
  18  1:29  Marine  
  19  1:37  Supply Depot  
  19  1:44  Refinery  
  19  1:47  Marine  
  21  1:54  SCV  
  21  1:59  Barracks  
  21  2:05  Refinery  
  21  2:06  SCV  
  22  2:17  Barracks Tech Lab  
  22  2:19  SCV  
  23  2:29  Supply Depot  
  23  2:31  SCV  
  23  2:36  Marine  
  25  2:46  Marine, SCV  
  25  2:49  SCV  
  28  2:55  Marauder  
  30  2:59  SCV  
  30  3:01  SCV  
  30  3:04  Barracks Tech Lab  
  32  3:11  SCV  
  33  3:14  SCV  
  33  3:16  Marauder  
  36  3:20  Factory  
  36  3:23  SCV  
  36  3:26  SCV  
  38  3:33  Factory  
  38  3:41  Refinery  
  38  3:51  Refinery  
  38  4:02  Marine  
  39  4:06  Factory Tech Lab  
  39  4:08  Starport  
  39  4:10  Marine  
  40  4:18  Starport  
  40  4:19  Factory Tech Lab  
  40  4:24  Marauder  
  42  4:32  SCV  
  42  4:33  Reaper  
  42  4:34  SCV  
  45  4:42  Ghost Academy  
  45  4:44  SCV  
  46  4:46  Starport Tech Lab  
  46  4:49  Supply Depot  
  46  4:54  SCV  
  46  4:55  Starport Tech Lab  
  46  4:58  SCV  
  48  5:04  Medivac  
  48  5:06  SCV  
  51  5:07  Stimpack  
  51  5:10  SCV  
  51  5:13  Ghost  
  54  5:15  Combat Shield  
  54  5:19  SCV  
  55  5:22  SCV  
  55  5:26  Supply Depot  
  56  5:31  SCV  
  56  5:32  Engineering Bay  
  57  5:37  SCV  
  58  5:43  SCV  
  58  5:47  Marine  
  58  5:49  SCV  
  61  5:55  Marine, SCV  
  63  5:57  Supply Depot  
  63  5:58  Terran Infantry Weapons Level 1  
  63  6:01  SCV  
  64  6:04  Marine  
  64  6:07  SCV  
  66  6:13  Marine, SCV  
  68  6:19  SCV  
  68  6:20  Supply Depot  
  68  6:22  Marine  
  70  6:25  SCV  
  70  6:31  Marine, SCV  
  73  6:34  Concussive Shells  
  73  6:38  SCV  
  74  6:41  Marauder  
  74  6:43  SCV  
  74  6:45  Supply Depot  
  77  6:47  Medivac  
  77  6:49  Marauder  
  81  6:55  Missile Turret  
  81  6:57  Missile Turret  
  81  7:00  Missile Turret  
  81  7:02  Marauder, Missile Turret  
  81  7:06  Medivac  
  85  7:09  Supply Depot  
  85  7:11  Marauder  
  85  7:13  Sensor Tower  
  87  7:17  Raven  
  87  7:18  Bunker  
  87  7:21  Armory  
  89  7:23  Reaper  
  89  7:24  Barracks  
  89  7:26  Bunker  
  90  7:31  Ghost  
  90  7:34  Supply Depot  
  90  7:36  Raven  
  94  7:53  Terran Infantry Armor Level 1  
  94  8:11  Barracks Reactor  
  94  8:37  Siege Tank  
  97  8:41  Factory  
  97  8:43  Siege Tank  
  97  8:46  Starport  
  97  8:47  Command Center  
  100  8:48  Supply Depot  
  100  8:52  Raven  
  99  9:10  Widow Mine  
  99  9:15  Marine, Siege Tank, Supply Depot  
  100  9:21  Marine  
  100  9:23  Starport Reactor  
  98  9:25  Factory Tech Lab  
  98  9:27  Marine  
  91  9:33  Siege Tank  
  91  9:34  Raven  
  91  9:38  Marine  
  91  9:44  Marine  
  83  9:50  Marine  
  84  9:53  Engineering Bay  
  84  9:55  Marine  
  84  9:59  SCV  
  87  10:00  SCV x2  
  87  10:01  Marine  
  89  10:07  Siege Tank  
  89  10:11  SCV  
  89  10:12  Refinery, SCV x2  
  89  10:13  Widow Mine  
  97  10:15  Missile Turret  
  97  10:16  Missile Turret  
  97  10:18  Refinery, Thor  
  103  10:23  SCV  
  103  10:24  SCV  
  105  10:34  Thor  
  111  10:36  Bunker  
  111  10:39  Thor  
  117  10:46  Terran Infantry Weapons Level 2  
  117  10:57  Terran Infantry Armor Level 2  
  117  11:04  Terran Vehicle Weapons Level 1  
  117  11:27  Fusion Core  
  117  11:33  Armory  
  117  12:19  Terran Vehicle And Ship Armor Level 1  
  117  12:20  Command Center  
  117  12:29  Hellion  
  119  12:31  Supply Depot, Hellion  
  119  12:32  Marine  
  119  12:34  Marine  
  119  12:37  Marine  
  123  12:39  Marine  
  123  12:42  Hellion  
  127  12:50  Marine, Hellion  
  130  12:52  Marine, Siege Tank  
  130  12:53  Infernal Pre-Igniter  
  130  12:54  Marine, Supply Depot  
  130  12:57  Marine  
  130  12:58  Terran Ship Weapons Level 1  
  127  13:03  Terran Infantry Weapons Level 3, Siege Tank  
  115  13:08  Marine  
  115  13:10  Marine  
  115  13:11  Siege Tank  
  115  13:12  Marine  
  108  13:14  Marine, Terran Infantry Armor Level 3  
  101  13:23  Medivac  
  101  13:24  Siege Tank  
  101  13:26  Marine  
  105  13:28  Marine  
  105  13:30  Marine  
  105  13:32  Marine  
  108  13:35  Siege Tank  
  111  13:43  Siege Tank  
  111  13:45  Missile Turret  
  111  13:47  Missile Turret  
  114  13:51  Refinery  
  114  13:56  Siege Tank  
  114  13:57  Refinery  
  117  14:07  Siege Tank  
  117  14:08  Bunker  
  120  14:13  Terran Vehicle Weapons Level 2  
  120  14:15  Thor  
  126  14:28  Siege Tank  
  129  14:39  Siege Tank  
  132  14:52  Terran Vehicle And Ship Armor Level 2  
  132  15:12  Rapid Reignition System  
  131  15:30  SCV  
  131  15:32  SCV  
  131  15:33  SCV x2  
  118  15:38  Liberator  
  118  15:40  Hi-Sec Auto Tracking  
  118  15:42  SCV  
  119  15:44  Viking, SCV  
  119  15:45  SCV x2  
  119  15:48  Cyclone  
  127  15:50  Neosteel Armor  
  127  15:51  Viking  
  127  15:54  SCV  
  133  15:57  SCV  
  133  15:58  SCV x2, Cyclone  
  133  16:02  Thor  
  136  16:04  Liberator  
  136  16:05  Viking  
  136  16:06  SCV  
  136  16:09  SCV  
  136  16:10  SCV x2  
  142  16:14  Viking  
  141  16:18  SCV  
  141  16:22  SCV, Advanced Ballistics  
  141  16:23  SCV x2  
  138  16:27  Marine  
  138  16:29  Terran Ship Weapons Level 2  
  138  16:30  SCV  
  138  16:31  Siege Tank  
  131  16:34  SCV  
  131  16:35  SCV, Medivac  
  131  16:36  SCV  
  131  16:37  Siege Tank  
  130  16:42  SCV  
  130  16:45  Siege Tank  
  128  16:48  SCV  
  128  16:49  SCV  
  130  17:03  Siege Tank  
  133  17:08  Terran Vehicle Weapons Level 3  
  133  17:09  Thor  
  139  17:17  Siege Tank  
  142  17:45  Command Center  
  142  18:45  Terran Vehicle And Ship Armor Level 3  
  142  19:08  Missile Turret x2  
  142  19:11  Refinery x2  
  142  19:18  Marauder  
  142  19:20  Marauder  
  142  19:23  Widow Mine  
  148  19:24  Supply Depot  
  148  19:25  Widow Mine  
  148  19:27  Marine  
  148  19:28  Bunker  
  148  19:29  Marine  
  152  19:39  Marine  
  152  19:42  Marauder  
  152  19:45  Marine, Terran Ship Weapons Level 3  
  156  19:46  Widow Mine  
  156  19:47  Marine  
  156  19:48  Widow Mine, Drilling Claws, Supply Depot  
  144  19:57  Marauder  
  120  20:00  Siege Tank  
  120  20:03  Marine  
  120  20:04  Marine  
  120  20:06  Marine  
  101  20:07  Siege Tank  
  101  20:08  Viking  
  101  20:11  Viking, Raven  
  104  20:18  Marine  
  107  20:21  Marauder  
  107  20:22  Marine  
  107  20:24  Marine  
  109  20:37  Marauder  
  109  20:38  Raven  
  109  20:40  Marine  
  109  20:42  Marine x2  
  116  20:57  Marine x2  
  116  21:00  Marine, Marauder  
  121  21:15  Marine  
  121  21:16  Marauder  
  121  21:17  Marine  
  125  21:21  Marine  
  126  21:37  Marauder  
  126  21:38  SCV x3  
  126  21:39  Ghost, SCV x2  
  119  21:50  SCV x2  
  119  21:52  SCV x2  
  119  21:53  SCV  
  124  21:58  Ghost  
  118  22:02  SCV  
  118  22:03  SCV  
  118  22:04  SCV x2  
  118  22:05  SCV  
  118  22:08  Marauder  
  125  22:14  SCV  
  126  22:15  SCV  
  126  22:16  SCV  
  126  22:18  SCV x2  
  130  22:26  SCV  
  130  22:27  Marauder  
  130  22:28  SCV x2  
  130  22:29  Marauder  
  134  22:30  SCV x2  
  135  22:38  SCV  
  135  22:40  SCV  
  135  22:41  SCV  
  138  22:49  Marauder  
  138  22:51  Marauder  
  142  22:56  Command Center  
  142  23:09  SCV x3  
  142  23:10  Marauder, SCV x2  
  142  23:12  Marauder  
  141  23:18  Marine x2  
  143  23:21  SCV  
  143  23:23  SCV x4  
  148  23:31  Marine  
  148  23:33  Marine  
  150  23:36  Marine x2  
  152  23:43  SCV  
  152  23:44  SCV x3  
  152  23:45  SCV  
  139  23:49  Marine  
  139  23:51  Marine  
  139  23:53  Marine x2  
  138  23:55  SCV  
  138  23:56  SCV x2  
  138  23:57  SCV x2  
  121  24:06  Ghost  
  121  24:08  SCV x2  
  121  24:09  Marine, SCV x2  
  103  24:10  SCV x2  
  103  24:11  Marine x2  
  106  24:20  SCV  
  106  24:21  SCV  
  108  24:25  Bunker  
  108  24:27  Marauder  
  108  24:29  Marine x2  
  112  24:35  Marine  
  113  24:39  Refinery  
  113  24:41  Missile Turret  
  113  24:43  Missile Turret  
  113  24:44  Refinery  
  113  24:46  Refinery  
  113  24:47  Marine x2  
  113  24:48  Marine  
  116  24:53  Marauder  
  118  25:05  Marine x2  
  118  25:06  Marine  
  121  25:07  Bunker  
  121  25:14  Marine  
  122  25:22  Marine  
  122  25:23  Marine, Ghost  
  126  25:32  Marauder  
  128  25:40  Marine  
  129  25:52  Marauder  
  129  25:54  Marauder  
  133  26:39  Ghost  
  133  26:42  Marine x2, Marauder  
  119  26:49  Raven x2  
  119  26:52  Medivac  
  87  26:59  Marine  
  87  27:00  Marine  
  80  27:03  Marine  
  83  27:08  Marauder  
  83  27:17  Marine x2  
  83  27:20  Marine  
  85  27:30  Marauder  
  85  27:32  Raven  
  85  27:35  Marine x2  
  82  27:39  Marauder  
  83  27:51  Marine  
  82  27:53  Marine x2  
  84  28:00  Marine  
  84  28:02  Raven  
  84  28:04  Medivac  
  84  28:05  SCV  
  82  28:06  SCV, Medivac  
  82  28:08  Marine  
  82  28:11  Marine x2  
  77  28:14  Raven, Command Center  
  77  28:17  Marine  
  77  28:18  Hellion  
  77  28:19  Hellion x2  
  84  28:21  SCV x2  
  84  28:24  SCV  
  84  28:26  Marine  
  84  28:28  Marine, SCV  
  84  28:29  Marine  
  84  28:32  SCV  
  80  28:34  Medivac  
  80  28:35  Marine  
  80  28:36  Viking  
  80  28:37  SCV  
  80  28:39  SCV  
  80  28:40  Hellion  
  82  28:44  Marine  
  82  28:45  Viking, SCV  
  82  28:46  Marine x2  
  82  28:48  Hellion  
  85  28:50  Hellion  
  85  28:53  Marine  
  81  28:57  Viking  
  81  29:01  Fusion Core, Hellion  
  81  29:02  Marine  
  80  29:03  SCV x2  
  80  29:04  Marine x2  
  80  29:08  SCV  
  83  29:11  Marauder, Hellion  
  83  29:13  Hellion  
  83  29:15  Viking  
  80  29:20  Marine  
  80  29:22  Marine x2  
  77  29:27  SCV x2  
  77  29:28  SCV x2  
  77  29:29  SCV  
  77  29:33  Hellion  
  77  29:37  Marine, Refinery  
  72  29:40  Marine  
  72  29:42  Marine  
  65  29:51  Refinery  
  63  29:55  Marine  
  63  29:58  Marine  
  63  29:59  Marine  
  53  30:14  Marauder  
  43  30:15  Marine  
  43  30:17  Marine  
  43  30:20  SCV x2  
  34  30:29  SCV  
  34  30:32  SCV x2  
  34  30:33  Marine  
  34  30:35  Marine, Marauder, Command Center  
  35  30:44  Command Center, SCV  
  35  30:46  SCV  
  35  30:48  SCV  
  38  30:51  Marine  
  38  30:53  Marine  
  38  30:56  Marauder, SCV  
  39  30:58  SCV  
  39  31:00  SCV  
  37  31:08  SCV  
  37  31:09  Marine  
  37  31:10  SCV  
  37  31:11  Marine  
  40  31:18  Marauder  
  39  31:19  Command Center  
  36  31:27  Marine  
  36  31:28  Marine  
  36  31:39  Marine  
  37  31:44  Marine, Refinery  
  37  31:46  Marine  
  33  31:56  Marine  
  33  31:58  SCV  
  33  32:02  Marine  
  33  32:04  Marine  
  32  32:09  SCV x2  
  32  32:10  SCV  
  32  32:14  Marine  
  36  32:20  Marine  
  36  32:21  SCV  
  36  32:22  Marine, SCV, Engineering Bay  
  37  32:27  SCV  
  35  32:30  SCV  
  35  32:33  Marauder  
  37  32:38  Marine  
  37  32:40  Marine  
  38  32:45  SCV  
  38  32:51  SCV  
  37  32:53  Command Center, SCV  
  35  33:09  Orbital Command  
  30  33:21  Refinery  
  30  33:36  Supply Depot  
  27  33:46  Refinery  
  26  33:49  Refinery  
  24  33:57  SCV  
  24  33:58  SCV  
  21  34:03  Supply Depot  
  21  34:05  SCV  
  21  34:08  Engineering Bay  
  21  34:10  SCV  
  21  34:14  SCV  
  22  34:17  SCV  
  22  34:22  SCV  
  23  34:26  SCV  
  23  34:29  Barracks  
  24  34:35  Engineering Bay  
  24  34:38  Supply Depot  
  24  34:41  Barracks  
  24  34:47  Missile Turret  
  24  34:53  Missile Turret, SCV  
  24  34:54  SCV  
  24  34:56  SCV  
  24  35:05  SCV  
  24  35:06  SCV  
  21  35:33  Supply Depot  
  20  35:49  Sensor Tower  
  18  35:50  SCV x2  
  18  35:52  Missile Turret  
  18  35:54  Missile Turret  
  20  36:02  SCV  
  21  36:05  SCV  
  21  36:08  Engineering Bay  
  17  36:14  SCV  
  17  36:16  Supply Depot  
  17  36:17  SCV  
  16  36:27  Barracks  
  16  36:28  SCV  
  16  36:31  SCV  
  16  36:39  Barracks  
  12  36:40  SCV  
  12  36:52  SCV  
  4  36:54  Supply Depot  
Tags
 
Composition
Mech
Matchup
TvT
Opening
1/1/1
Race
Terran
Spawn Locations
Cross Positions
Add a new tag
Caveats
  • Supply blocks, unpowered buildings, or Contaminate may cause inaccurate times.
  • Supply counts are checked every 10 seconds.